 Dungeon Crawl Stone Soup version 0.18.1-50-g88ac8fd (webtiles) character file.

10189 RTS the Severer (level 11, -1/101 HPs)
             Began as a Minotaur Berserker on Sept 27, 2016.
             Was the Champion of Trog.
             Slain by a gnoll sergeant
             ... wielding a +0 spear
              (8 damage)
             ... on level 11 of the Dungeon.
             The game lasted 00:31:56 (9476 turns).

RTS the Severer (Minotaur Berserker)                Turns: 9476, Time: 00:31:57

Health: -1/101     AC: 20    Str: 23    XL:     11   Next: 32%
Magic:  3/3        EV:  6    Int:  5    God:    Trog [******]
Gold:   481        SH:  0    Dex: 11    Spells: 0 memorised, 10 levels left

rFire  + . .     SeeInvis .     U - +2 executioner's axe (antimagic)
rCold  + . .     Gourm    .     E - +2 gold dragon armour
rNeg   . . .     Faith    .     (shield currently unavailable)
rPois  +         Spirit   .     D - +0 hat {MR+}
rElec  .         Dismiss  .     (no cloak)
rCorr  .         Reflect  .     G - +1 pair of gloves
SustAt .         Harm     .     (no boots)
MR     +....                    (no amulet)
Stlth  ..........               (no ring)
                                w - ring of stealth

@: exhausted, slowed, very slow, somewhat resistant to hostile enchantments,
extremely unstealthy
A: retaliatory headbutt, horns 2
a: Berserk, Trog's Hand, Brothers in Arms, Burn Spellbooks, Renounce Religion


You were on level 11 of the Dungeon.
You worshipped Trog.
Trog was exalted by your worship.
You were very hungry.

You visited 1 branch of the dungeon, and saw 11 of its levels.

You collected 585 gold pieces.
You spent 104 gold pieces at shops.

Inventory:

Hand Weapons
 U - a +2 antimagic executioner's axe (weapon)
Missiles
 S - 7 javelins of returning (quivered)
Armour
 D - a +0 hat of magic resistance (worn)
 E - a +2 gold dragon armour (worn)
 G - a +1 pair of gloves (worn)
Jewellery
 w - a ring of stealth (left hand)
Wands
 e - a wand of polymorph (15/24)
 l - a wand of digging (16/24)
 v - a wand of enslavement (14/24)
 F - a wand of paralysis (10/24)
 I - a wand of flame (33/48)
 L - a wand of iceblast (7/15)
 N - a wand of enslavement (7/24)
 O - a wand of polymorph (12/24)
 T - a wand of lightning (2/15)
Scrolls
 a - a scroll of identify
 b - 2 scrolls of teleportation
 f - a scroll of fear {unknown}
 g - 6 scrolls of remove curse
 i - 2 scrolls of blinking {unknown}
 j - a scroll of immolation {unknown}
 q - a scroll of magic mapping {unknown}
 r - a scroll of recharging {unknown}
 t - 4 scrolls of amnesia {unknown}
 y - 2 scrolls of enchant weapon {unknown}
 C - a scroll of noise {unknown}
 H - a scroll of holy word {unknown}
 J - a scroll of summoning {unknown}
 K - a scroll of enchant armour
Potions
 h - a potion of agility
 k - 5 potions of curing {unknown}
 n - 3 potions of flight {unknown}
 o - 2 potions of haste {unknown}
 p - a potion of heal wounds {unknown}
 s - a potion of mutation
 u - a potion of might {unknown}
 x - 2 potions of lignification {unknown}
 z - a potion of cancellation {unknown}
 B - a potion of resistance {unknown}
 P - 2 potions of invisibility {unknown}
Comestibles
 c - 14 bread rations
 d - 8 meat rations
 m - 4 royal jellies
 A - 2 slices of pizza
 M - a beef jerky
 Q - 3 fruits
 R - 6 chunks of flesh


   Skills:
 + Level 10.7 Fighting
 * Level 15.8 Axes
 + Level 7.7 Armour
 * Level 5.5 Dodging


You had 10 spell levels left.
You didn't know any spells.

Dungeon Overview and Level Annotations

Branches:
Dungeon (11/15)            Temple (0/1) D:4             Orc (0/2) D:11
   Lair: D:8-11

Altars:
Cheibriados
Elyvilon
Fedhas
Makhleb
Okawaru
Pakellas
Qazlal
Ru
Sif Muna
Trog
Vehumet
Xom
Yredelemnul
Zin
The Shining One

Shops:
D:6 [


Innate Abilities, Weirdness & Mutations

You reflexively headbutt those who attack you in melee.
You have a pair of horns on your head.


Message History

The gnoll sergeant blocks your attack.
The gnoll sergeant is moderately wounded.
The gnoll sergeant hits you with a spear.
* * * LOW HITPOINT WARNING * * *
The gnoll closely misses you.
The gnoll sergeant hits you with a spear.
* * * LOW HITPOINT WARNING * * *
The gnoll sergeant blocks your attack.
The gnoll sergeant is moderately wounded.
The gnoll hits you but does no damage.
The gnoll sergeant hits you with a spear.
* * * LOW HITPOINT WARNING * * *
The gnoll hits you but does no damage.
The gnoll sergeant hits you with a spear.
* * * LOW HITPOINT WARNING * * *
Your gold dragon armour prevents you from hitting the gnoll sergeant.
The gnoll sergeant is moderately wounded.
The gnoll hits you but does no damage.
The gnoll sergeant hits you with a spear!
You die...

#.#. ..... #... ..... #...#
..... #...# #####
#...###############.#
#..............(....#
#........##.###)############
#....##..##.#8g[)8#.........
#.#.>.......#.)@)g#.........
#.#.####+####..>).#.........
#...# #.....##'######### #...#
######8...8#..........### #...#
#....#######............. #...#
#..#.#................... #...#
#..#.#................... #.#.#
#..#.#...................
#...####....########'###########


You could see a gnoll sergeant and a gnoll.

Vanquished Creatures
  An unseen horror (D:9)
  2 hill giants (D:10)
  A cyclops (D:8)
  A manticore (D:11)
  An ugly thing (D:11)
  Psyche (D:8)
  4 trolls
  Prince Ribbit (D:6)
  The ghost of RTS the Skirmisher, an amateur MiBe of Trog (D:4)
  2 yaks (D:11)
  A hungry ghost (D:9)
  3 hippogriffs
  A steam dragon (D:8)
  A water moccasin (D:8)
  6 orc warriors
  A sky beast (D:6)
  7 ogres
  5 centaurs
  A crocodile (D:11)
  3 big kobolds
  Blork the orc (D:4)
  9 giant frogs
  10 wights
  4 spriggan skeletons (D:9)
  A centaur zombie (D:9)
  8 crimson imps
  2 giant frog zombies
  4 hounds
  5 jellies
  3 centaur skeletons
  5 giant frog skeletons
  2 orc priests
  13 orc wizards
  5 iguanas
  7 worker ants
  A killer bee zombie (D:7)
  A hound skeleton (D:8)
  7 gnolls
  A howler monkey skeleton (D:9)
  8 adders
  8 river rats
  5 shadow imps
  A white imp (D:4)
  A worm (D:5)
  4 dart slugs
  8 giant geckos
  37 orcs
  5 giant cockroaches
  7 goblins
  5 hobgoblins
  11 jackals
  10 kobolds
  5 quokkas
  3 ball pythons
  11 bats
  2 giant newts
  2 goblin zombies (D:4)
  2 hobgoblin zombies (D:4)
  A kobold skeleton (D:4)
  2 kobold zombies (D:4)
  An orc skeleton (D:4)
  46 rats
  A spectral orc (D:9)
  A fungus (D:11)
  A plant (D:11)
321 creatures vanquished.

Vanquished Creatures (others)
  An orc (D:6)
  A fungus (D:11)
2 creatures vanquished.

Grand Total: 323 creatures vanquished

Notes
Turn   | Place    | Note
--------------------------------------------------------------
     0 | D:1      | RTS the Minotaur Berserker began the quest for the Orb.
     0 | D:1      | Reached XP level 1. HP: 19/19 MP: 0/0
   414 | D:1      | Reached XP level 2. HP: 24/27 MP: 1/1
   614 | D:1      | Reached skill level 4 in Axes
   926 | D:2      | Found an iron altar of Okawaru.
   973 | D:2      | Reached XP level 3. HP: 34/34 MP: 2/2
  1254 | D:2      | Reached ** piety under Trog
  1766 | D:3      | Reached XP level 4. HP: 35/41 MP: 3/3
  1881 | D:3      | Found a bloodstained altar of Trog.
  1932 | D:3      | Found a deep blue altar of Sif Muna.
  2233 | D:3      | Found a burning altar of Makhleb.
  2336 | D:4      | Found a staircase to the Ecumenical Temple.
  2422 | D:4      | Noticed Blork the orc
  2427 | D:4      | Killed Blork the orc
  2427 | D:4      | Reached skill level 5 in Fighting
  2427 | D:4      | Reached XP level 5. HP: 48/48 MP: 4/4
  2466 | D:4      | Found a glowing golden altar of the Shining One.
  2533 | D:4      | Reached skill level 5 in Axes
  2660 | D:4      | Found a white marble altar of Elyvilon.
  2660 | D:4      | Noticed RTS's ghost (amateur MiBe)
  2663 | D:4      | Reached *** piety under Trog
  2673 | D:4      | Reached XP level 6. HP: 24/56 MP: 5/5
  2673 | D:4      | Killed RTS's ghost
  2673 | D:4      | Reached skill level 6 in Axes
  3173 | D:4      | Found a blossoming altar of Fedhas.
  3250 | D:5      | Entered Level 5 of the Dungeon
  3251 | D:5      | Found a radiant altar of Vehumet.
  3259 | D:5      | Reached skill level 7 in Axes
  3274 | D:5      | Found a deep blue altar of Sif Muna.
  3464 | D:5      | Reached XP level 7. HP: 61/63 MP: 6/6
  3647 | D:5      | Found a snail-covered altar of Cheibriados.
  3801 | D:5      | Found a stormy altar of Qazlal.
  3944 | D:6      | Reached skill level 8 in Axes
  3950 | D:6      | Found a glowing silver altar of Zin.
  3953 | D:6      | Noticed an angel
  3956 | D:6      | Found a shimmering altar of Xom.
  4039 | D:6      | Reached skill level 9 in Axes
  4282 | D:6      | Reached XP level 8. HP: 65/73 MP: 7/7
  4394 | D:6      | Noticed Prince Ribbit
  4416 | D:6      | Killed Prince Ribbit
  4416 | D:6      | Reached skill level 10 in Axes
  4464 | D:6      | Found Joepuac's Antique Armour Emporium.
  4472 | D:6      | Bought a glowing hat for 104 gold pieces
  4551 | D:6      | Found a white marble altar of Elyvilon.
  4643 | D:6      | Reached **** piety under Trog
  4875 | D:6      | Found a sacrificial altar of Ru.
  5023 | D:7      | Reached skill level 11 in Axes
  5040 | D:7      | Got a crude helmet
  5691 | D:7      | Reached XP level 9. HP: 75/81 MP: 8/8
  6029 | D:8      | Reached skill level 12 in Axes
  6112 | D:8      | Noticed a cyclops
  6511 | D:9      | Noticed a troll
  6529 | D:9      | Killed a troll
  6632 | D:8      | Killed a cyclops
  6632 | D:8      | Reached skill level 13 in Axes
  6632 | D:8      | Reached skill level 5 in Armour
  6686 | D:8      | Reached ***** piety under Trog
  6822 | D:8      | Noticed Psyche
  6828 | D:8      | Killed Psyche
  6828 | D:8      | Reached XP level 10. HP: 91/91 MP: 9/9
  7242 | D:9      | Reached skill level 14 in Axes
  7346 | D:9      | Found a basalt altar of Yredelemnul.
  7493 | D:9      | Killed an unseen horror
  7493 | D:9      | Reached skill level 10 in Fighting
  7631 | D:9      | Found an oddly glowing altar of Pakellas.
  8010 | D:10     | Entered Level 10 of the Dungeon
  8134 | D:10     | Received a gift from Trog
  8267 | D:10     | Noticed a hill giant
  8274 | D:10     | Killed a hill giant
  8458 | D:10     | Reached skill level 15 in Axes
  8591 | D:10     | Noticed a hill giant
  8598 | D:10     | Killed a hill giant
  8598 | D:10     | Reached skill level 5 in Dodging
  8811 | D:10     | Reached XP level 11. HP: 99/100 MP: 10/10
  9064 | D:11     | Noticed a brown ugly thing
  9073 | D:11     | Killed a brown ugly thing
  9198 | D:11     | Received a gift from Trog
  9455 | D:11     | Found a staircase to the Orcish Mines.
  9472 | D:11     | Reached ****** piety under Trog
  9476 | D:11     | Slain by a gnoll sergeant

Skill      XL: |  1  2  3  4  5  6  7  8  9 10 |
---------------+-------------------------------+-----
Fighting       | 4 5 6 7 8 9 10 | 10.7
Axes           | 4 5 7 9 11 13 15 | 15.8
Armour         | 3 5 7 |  7.7
Dodging        | 4 5 |  5.5

Action                   |  1- 3 |  4- 6 |  7- 9 | 10-12 || total
-------------------------+-------+-------+-------+-------++-------
Melee: Hand axe          |    88 |   117 |   248 |       ||   453
       Headbutt          |    13 |    18 |    77 |    45 ||   153
       Battleaxe         |       |       |    62 |   207 ||   269
       Executioner's axe |       |       |       |    29 ||    29
Invok: Berserk           |       |     4 |     9 |     9 ||    22
       Burn Spellbooks   |       |     1 |       |     1 ||     2
  Use: Scroll            |     1 |       |     5 |     3 ||     9
  Eat: Chunk             |     3 |     5 |    14 |    18 ||    40
       Bread ration      |       |     1 |       |       ||     1
       Meat ration       |       |       |     1 |       ||     1
Armor: Ring mail         |    26 |     8 |       |       ||    34
       Animal skin       |     1 |       |       |       ||     1
       Plate armour      |       |    29 |    47 |       ||    76
       Gold dragon armou |       |       |   138 |   238 ||   376
Dodge: Dodged            |    59 |    66 |    51 |    70 ||   246
Block: Buckler           |       |     8 |    14 |       ||    22
